 Dungeon Crawl Stone Soup version 0.21.1-1-g345015f (webtiles) character file.

1625 Gaball the Cleaver (level 8, -1/78 HPs)
             Began as a Hill Orc Monk on Apr 27, 2018.
             Was an Initiate of Gozag.
             Slain by a quokka (4 damage)
             ... on level 6 of the Dungeon.
             The game lasted 00:16:17 (6845 turns).

Gaball the Cleaver (Hill Orc Monk)                  Turns: 6845, Time: 00:16:17

Health: -1/78      AC: -10   Str: 14    XL:     8   Next: 97%
Magic:  8/8        EV: 10    Int: 10    God:    Gozag
Gold:   736        SH:  0    Dex: 18    Spells: 7/7 levels left

rFire    + . .     SeeInvis .   a - +0 hand axe
rCold    . . .     Gourm    .   (no shield)
rNeg     . . .     Faith    .   x - +1 scale mail {rF+}
rPois    .         Spirit   .   D - +0 helmet
rElec    .         Reflect  .   (no cloak)
rCorr    .         Harm     .   q - +0 pair of gloves
MR       .....                  (no boots)
Stlth    +.........             (no amulet)
HPRegen  0.23/turn              f - +3 ring of dexterity
MPRegen  0.11/turn              (no ring)

@: corroded
A: no striking features
a: Potion Petition, Call Merchant, Bribe Branch, Renounce Religion


You were on level 6 of the Dungeon.
You worshipped Gozag.
Gozag was pleased with you.
You were not hungry.

You visited 1 branch of the dungeon, and saw 6 of its levels.

You collected 736 gold pieces.

Inventory:

Hand Weapons
 a - a +0 hand axe (weapon)
Armour
 b - a +0 robe
 g - a +0 leather armour
 q - a +0 pair of gloves (worn)
 x - a +1 scale mail of fire resistance (worn)
 D - a +0 helmet (worn)
Jewellery
 f - a +3 ring of dexterity (left hand)
Wands
 y - a wand of flame (13)
 z - a wand of digging (17)
Scrolls
 d - 7 scrolls of identify {unknown}
 i - 2 scrolls of fear {unknown}
 j - 4 scrolls of amnesia {unknown}
 l - 2 scrolls of remove curse {unknown}
 n - a scroll of teleportation {unknown}
 o - 2 scrolls of enchant weapon {unknown}
 p - 4 scrolls of enchant armour {unknown}
 s - 4 scrolls of blinking {unknown}
 t - a scroll of magic mapping {unknown}
 w - a scroll of fog {unknown}
 B - a scroll of random uselessness {unknown}
 C - a scroll of noise {unknown}
 G - a scroll of brand weapon {unknown}
Potions
 e - 3 potions of curing
 k - 2 potions of flight {unknown}
 m - a potion of invisibility {unknown}
 r - a potion of haste {unknown}
 u - a potion of brilliance {unknown}
 v - a potion of heal wounds
 A - a potion of magic
 E - a potion of resistance {unknown}
 F - a potion of agility {unknown}
Comestibles
 c - 2 rations


   Skills:
 + Level 9.0 Fighting
 + Level 11.6 Axes
 + Level 0.3 Armour
 - Level 2.4 Dodging
 - Level 1.5 Stealth


You had 7 spell levels left.
You didn't know any spells.

Dungeon Overview and Level Annotations

Branches:
Dungeon (6/15)             Temple (0/1) D:4

Altars:
Gozag

Shops:
D:6 =

Annotations:
D:2 Sigmund
D:3 Roran's ghost, amateur NaCK


Message History

The jelly hits you.
* * * LOW HITPOINT WARNING * * *
You are splashed with acid!
The acid burns!
* * * LOW HITPOINT WARNING * * *
A quokka comes into view.
The quokka misses you. The quokka bites you.
* * * LOW HITPOINT WARNING * * *
The quokka twitches its whiskers.
The quokka bites you.
* * * LOW HITPOINT WARNING * * *
The quokka bites you.
* * * LOW HITPOINT WARNING * * *
The quokka twitches its whiskers.
The quokka bites you.
* * * LOW HITPOINT WARNING * * *
You hit the quokka but do no damage. You miss the quokka. The quokka bites you.
You die...
Your body crumbles into a pile of gold.

....# ######.##.#
#.......####
###.###......##.#
#.[.........
......#.#######.#
#.......####
###.#.#.#######.#
#.......#
#.#.#.##......#
#.......#
###.#.#.##.######
#.#######
....#.#.##.##.# #.#
#####...##....######.#
#########...@r.#.#
######J#.# #.#.# #J#.#
#####.#J# #.J...#.#
#.#####.# #...J..>#
#.#######


You could see a jelly and a quokka.

Vanquished Creatures
  Pikel (D:4)
  A wyvern (D:5)
  Duvessa (D:5)
  A slave (D:4)
  2 ice beasts
  Blork the orc (D:4)
  Dowan (D:5)
  A howler monkey (D:6)
  A crimson imp (D:6)
  A centaur zombie (D:5)
  A jelly (D:6)
  A bullfrog zombie (D:5)
  2 hounds
  Jessica (D:2)
  3 iguanas
  Ijyb (D:4)
  Terence (D:3)
  3 worker ants
  A hound skeleton (D:5)
  9 adders
  A shadow imp (D:5)
  2 oozes (D:3)
  4 adder skeletons
  3 worms
  4 leopard geckos
  5 orcs
  4 bats
  4 giant cockroaches
  4 goblins
  5 hobgoblins
  3 jackals (D:2)
  5 kobolds
  3 quokkas
  7 frilled lizards
  A quokka zombie (D:5)
  2 rats (D:1)
91 creatures vanquished.

Vanquished Creatures (others)
  A slave (D:5)
  A shadow imp (D:5)
2 creatures vanquished.

Grand Total: 93 creatures vanquished

Notes
Turn   | Place    | Note
-------+----------+-------------------------------------------
     0 | D:1      | Gaball the Hill Orc Monk began the quest for the Orb.
     0 | D:1      | Reached XP level 1. HP: 19/19 MP: 1/1
   138 | D:1      | Reached XP level 2. HP: 21/26 MP: 2/2
   212 | D:1      | Reached skill level 5 in Axes
   866 | D:2      | Reached XP level 3. HP: 31/31 MP: 3/3
   875 | D:2      | Noticed Jessica
  1045 | D:2      | Reached skill level 6 in Axes
  1149 | D:2      | Found a faded altar of an unknown god.
  1156 | D:2      | Noticed Sigmund
  1256 | D:2      | Killed Jessica
  1256 | D:2      | Reached XP level 4. HP: 28/39 MP: 4/4
  1752 | D:2      | Became a worshipper of Gozag Ym Sagoz the Greedy
  1940 | D:3      | Reached skill level 7 in Axes
  2171 | D:3      | Noticed Roran's ghost (amateur NaCK)
  2462 | D:2      | Reached XP level 5. HP: 28/45 MP: 5/5
  2632 | D:3      | Noticed Terence
  2791 | D:3      | Killed Terence
  2979 | D:3      | Reached skill level 8 in Axes
  3484 | D:4      | Found a staircase to the Ecumenical Temple.
  3953 | D:4      | Noticed Blork the orc
  3970 | D:4      | Killed Blork the orc
  3970 | D:4      | Reached XP level 6. HP: 38/53 MP: 6/6
  4250 | D:5      | Entered Level 5 of the Dungeon
  4250 | D:5      | Noticed Pikel
  4250 | D:5      | Noticed a slave
  4250 | D:5      | Noticed a slave
  4250 | D:5      | Noticed a slave
  4250 | D:5      | Noticed a slave
  4252 | D:5      | Noticed Ijyb
  4306 | D:4      | Killed Ijyb
  4310 | D:4      | Killed a slave
  4405 | D:4      | Killed Pikel
  4405 | D:4      | Reached skill level 10 in Axes
  4405 | D:4      | Reached XP level 7. HP: 44/64 MP: 7/7
  4653 | D:5      | Noticed a wyvern
  4762 | D:5      | Reached XP level 8. HP: 71/71 MP: 8/8
  4856 | D:5      | HP: 3/71 [poisoned by an adder]
  4857 | D:5      | HP: 1/73 [shot self (2)]
  5292 | D:5      | Killed a wyvern
  5749 | D:5      | Noticed Duvessa
  5749 | D:5      | Noticed Dowan
  5768 | D:5      | Killed Dowan
  5768 | D:5      | Reached skill level 11 in Axes
  5801 | D:5      | Killed Duvessa
  6784 | D:6      | Found Uciun's Jewellery Shop.
  6843 | D:6      | HP: 3/78 [quokka (3)]
  6845 | D:6      | Slain by a quokka

Skill      XL: |  1  2  3  4  5  6  7  8 |
---------------+-------------------------+-----
Axes           | 5 6 7 8 10 11 | 11.6
Fighting       | 4 6 9 |  9.0
Armour         | |  0.3
Dodging        | |  2.4
Stealth        | |  1.5

Action                   |  1- 3 |  4- 6 |  7- 9 || total
-------------------------+-------+-------+-------++-------
Melee: Hand axe          |    89 |   221 |   265 ||   575
Invok: Potion Petition   |       |     1 |       ||     1
Evoke: Wand              |       |    26 |    11 ||    37
  Use: Potion            |       |       |     5 ||     5
 Stab: Sleeping          |     7 |     4 |       ||    11
       Paralysed         |       |     6 |       ||     6
       Confused          |       |       |     2 ||     2
  Eat: Chunk             |     1 |     1 |       ||     2
       Ration            |       |     3 |     2 ||     5
Armor: Robe              |     4 |       |       ||     4
       Leather armour    |     3 |    33 |       ||    36
       Scale mail        |       |    27 |    81 ||   108
       Skin              |       |       |     9 ||     9
Dodge: Dodged            |    57 |   116 |   100 ||   273
